 Dungeon Crawl Stone Soup version 0.29.0-11-gd7f09526c8 (webtiles) character file.

Game seed: 6540642039636082967

68 concernfroge the Trooper (level 4, 0/38 HPs)
             Began as a Mummy Monk on Sept 5, 2022.
             Was an Elder of Cheibriados.
             Frozen to death by an endoplasm (1 damage)
             ... on level 2 of the Dungeon.
             The game lasted 00:03:48 (2147 turns).

concernfroge the Trooper (Mummy Monk)               Turns: 2147, Time: 00:03:49

Health: 0/38       AC:  3    Str: 31    XL:     4   Next: 1%
Magic:  4/4        EV: 13    Int: 18    God:    Cheibriados [****..]
Gold:   169        SH:  0    Dex: 23    Spells: 3/3 levels left

rFire   x . .      SeeInvis .   i - +2 mace (protect)
rCold   + . .      Faith    .   (no shield)
rNeg    + + +      Spirit   .   j - +0 leather armour
rPois   ∞          Reflect  .   (no helmet)
rElec   .          Harm     .   (no cloak)
rCorr   .          Rampage  .   (no gloves)
Will    .....                   (no boots)
Stlth   ++........              (no amulet)
HPRegen 0.12/turn               f - +6 ring of strength
MPRegen 0.09/turn               (no ring)

@: about to teleport, very slow
A: cold resistance 1, negative energy resistance 3, torment resistance 2, heat
vulnerability 1, in touch with death 1, no potions
a: Renounce Religion, Bend Time, Temporal Distortion, Slouch


You were on level 2 of the Dungeon.
You worshipped Cheibriados.
Cheibriados was greatly pleased with you.
You visited 1 branch of the dungeon, and saw 3 of its levels.

You collected 169 gold pieces.

Inventory:

Hand Weapons
 i - a +2 mace of protection (weapon)
Armour
 j - a +0 leather armour (worn)
Jewellery
 f - a +6 ring of strength (left hand)
Scrolls
 c - 2 scrolls of vulnerability {unknown}
 g - 2 scrolls of identify {unknown}


   Skills:
 + Level 4.9 Fighting
 - Level 2.4 Polearms
 - Level 2.4 Dodging
 - Level 1.5 Stealth


You had 3 spell levels left.
You didn't know any spells.
Your spell library was empty.

Dungeon Overview and Level Annotations

Branches:
Dungeon (3/15)

Altars:
Cheibriados


Innate Abilities, Weirdness & Mutations

You are immune to poison.
Your flesh is cold resistant. (rC+)
You are immune to negative energy. (rN+++)
You are immune to unholy pain and torment.
You are vulnerable to heat. (rF-)
You are in touch with the powers of death.
You do not drink.


Message History

The orc priest hits you but does no damage.
The orc hits you with a +0 club. The orc hits you but does no damage.
You are too injured to fight recklessly!
Okay, then.
The orc attacks as you move away! The orc closely misses you.
The endoplasm hits you but does no damage.
The orc priest calls down the wrath of Beogh upon you.
Beogh smites you!
* * * LOW HITPOINT WARNING * * *
A ball python comes into view.
The orc priest hits you with a +0 club.
* * * LOW HITPOINT WARNING * * *
The endoplasm barely misses you.
The ball python hisses angrily.
There is a stone staircase leading up here.
The endoplasm freezes you.
You are frozen.
You resist.
* * * LOW HITPOINT WARNING * * *
You climb upwards.
There is a stone staircase leading down here.
This is a scroll of acquirement!
Something appears at your feet! The endoplasm freezes you.
You are frozen.
You resist.
* * * LOW HITPOINT WARNING * * *
The orc priest hits you but does no damage.
The orc hits you with a +0 hand axe.
* * * LOW HITPOINT WARNING * * *
As you read the scroll labelled UCEJYNGAAWN, it crumbles to dust.
You feel strangely unstable.
It was a scroll of teleportation.
The endoplasm misses you. The orc priest hits you with a +0 club.
* * * LOW HITPOINT WARNING * * *
The orc closely misses you.
You aren't carrying any items that you can evoke.
As you read the scroll labelled ASIGEA DUNAJIULU, it crumbles to dust.
It is a scroll of amnesia.
You feel forgetful for a moment. The endoplasm freezes you.
You are frozen.
You resist.
You die...

.#.####.# #####.........#..<.##
##.# #.# #................###
##.# #.# #.##.#..###.####.# ...#
#.# #.##....# #)# ##+## #### #.#
#.##.#.## #.###...## ### #.#
#.##.#.####.##.....## ##.###.#
#.##........#.......##
##...##.####...o...####.........#
................@.....'.........'
##...##########Jo..####.........#
##.## #.#.## ##.......## #.#
#.### ##.....## #.# #.# ##...##
#.# #.# ##'## #.# #.# #.# #.# #.#
#.# ###.# #.# ##.##


You could see an orc priest, an orc and an endoplasm.

Vanquished Creatures
  A gnoll (D:1)
  2 adders (D:2)
  A worm (D:2)
  A dart slug (D:2)
  4 bats (D:1)
  An endoplasm (D:2)
  5 goblins
  3 hobgoblins
  5 kobolds
  2 quokkas
  2 frilled lizards (D:2)
  9 rats
36 creatures vanquished.

Notes
Turn   | Place    | Note
-------+----------+-------------------------------------------
     0 | D:1      | concernfroge the Mummy Monk began the quest for the Orb.
     0 | D:1      | Reached XP level 1. HP: 18/18 MP: 1/1
    39 | D:1      | Found a faded altar of an unknown god.
    86 | D:1      | Prayed at the altar of an unknown god.
    86 | D:1      | Became a worshipper of Cheibriados the Contemplative
    86 | D:1      | Reached * piety under Cheibriados
    86 | D:1      | Reached ** piety under Cheibriados
   249 | D:1      | Reached XP level 2. HP: 19/25 MP: 2/2
   348 | D:1      | Reached *** piety under Cheibriados
   441 | D:1      | Reached skill level 4 in Fighting
   829 | D:1      | Gained mutation: You are in touch with the powers of death.
                  | [Mummy growth]
   829 | D:1      | Reached XP level 3. HP: 29/30 MP: 3/3
  1553 | D:2      | Reached **** piety under Cheibriados
  1838 | D:2      | Reached XP level 4. HP: 38/38 MP: 4/4
  2145 | D:2      | Identified a scroll of acquirement
  2145 | D:2      | Acquired a +3 great mace of draining
  2146 | D:2      | HP: 1/38 [orc priest/+0 club (1)]
  2147 | D:2      | Frozen to death by an endoplasm

Illustrated notes

Levels and vault maps discovered:
D:1:      lightli_arrival_statue_moat, layout_rooms,
          chequers_ecumenical_altar_island
D:2:      layout_loops_corners
D:3:      layout_basic, kennysheep_okawaru_gauntlet, old_standard_altar,
          grunt_ministairs_11, dreamdust_princess_corridor,
          chequers_serial_rivers_large_a, dreamdust_princess_bridge

Skill      XL: |  1  2 |
---------------+-------+-----
Fighting       | 4 |  4.9
Polearms       | |  2.4
Dodging        | |  2.4
Stealth        | |  1.5

Action                   |  1- 3 |  4- 6 || total
-------------------------+-------+-------++-------
Melee: Spear             |    93 |       ||    93
       Mace              |    21 |     2 ||    23
  Use: Scroll            |       |     3 ||     3
 Stab: Sleeping          |     8 |       ||     8
Armor: Robe              |     7 |       ||     7
       Leather armour    |    11 |     6 ||    17
Dodge: Dodged            |    54 |     5 ||    59
